 Dungeon Crawl Stone Soup version 0.28-a0-1510-gd0f6b136d3 (webtiles) character file.

Game seed: 13826807491222028437

5 hashsling the Cudgeller (level 1, 14/16 HPs)
             Began as a Human Wanderer on Jan 15, 2022.
             Was a Follower of Kikubaaqudgha.
             Quit the game on level 1 of the Dungeon.
             The game lasted 00:01:40 (240 turns).

hashsling the Cudgeller (Human Wanderer)             Turns: 240, Time: 00:01:41

Health: 14/16      AC:  8    Str: 15    XL:     1   Next: 88%
Magic:  1/1        EV:  6    Int: 11    God:    Kikubaaqudgha [*.....]
Gold:   19         SH:  0    Dex: 10    Spells: 0/0 levels left

rFire   . . .      SeeInvis .   a - +0 mace
rCold   . . .      Faith    .   (no shield)
rNeg    . . .      Spirit   .   b - +0 chain mail
rPois   .          Reflect  .   (no helmet)
rElec   .          Harm     .   (no cloak)
rCorr   .          Rampage  .   (no gloves)
Will    .....                   (no boots)
Stlth   ..........              (no amulet)
HPRegen 0.05/turn               (no ring)
MPRegen 0.07/turn               (no ring)

@: no status effects
A: no striking features
a: Renounce Religion, Receive Corpses


You were on level 1 of the Dungeon.
You worshipped Kikubaaqudgha.
Kikubaaqudgha was aware of your devotion.
You visited 1 branch of the dungeon, and saw 1 of its levels.

You collected 19 gold pieces.

Inventory:

Hand Weapons
 a - a +0 mace (weapon)
Armour
 b - a +0 chain mail (worn)
Wands
 c - a wand of polymorph (4) (quivered)
Scrolls
 d - a scroll of identify {unknown}
 e - a scroll of acquirement {unknown}
Potions
 f - a potion of haste {unknown}


   Skills:
 + Level 2.2 Fighting
 - Level 3.0 Maces & Flails
 - Level 1.0 Throwing
 + Level 2.2 Armour
 - Level 2.0 Evocations


You couldn't memorise any spells.
You didn't know any spells.
Your spell library contained the following spells:

 Spells                   Type           Power      Damage    Failure   Level
 Animate Skeleton         Necr           0%         N/A       100%        1
 Pain                     Necr           0%         1d4       100%        1
 Sublimation of Blood     Necr           0%         N/A       100%        2
 Agony                    Necr           0%         N/A       100%        5


Dungeon Overview and Level Annotations

Branches:
Dungeon (1/15)

Altars:
Kikubaaqudgha


Message History

You open the door.
There is an open door here.
You open the door.
There is an open door here.
You now have 19 gold pieces (gained 12).
f - a black potion A bat comes into view.
Found 2 javelins.
The bat hits you.
You barely miss the bat. The bat barely misses you.
You barely miss the bat. The bat hits you but does no damage.
The bat closely misses you. The bat hits you but does no damage.
The bat hits you.
You hit the bat.
You kill the bat!
Found 10 gold pieces.
You see here a bat corpse.
There is an open door here.
You open the door.
There is an open door here.
There is an open door here.
A hobgoblin comes into view.
There is a faded altar of an unknown god here.
You cannot tell which god this altar belongs to.
Convert to them anyway?
Kikubaaqudgha accepts your prayer! Kikubaaqudgha welcomes you!
You can now receive cadavers from Kikubaaqudgha.
Kikubaaqudgha grants you a gift!
You add the spells Animate Skeleton, Pain, Sublimation of Blood and Agony to your library.
You don't know any spells.
Okay, then.
You are already wielding that!
There is an open door here.
There is an open door here.
There is an open door here.
Are you sure you want to abandon this character and quit the game? (Confirm with "yes".)
Okay, then.
The hobgoblin hits you but does no damage.
The hobgoblin hits you.
Are you sure you want to abandon this character and quit the game? (Confirm with "yes".)

#.....# #.....# #.....#
###.....# #.....# #.......#
## #.#.### #.#.....#
...#######.#.# ##.#.....#
.............#####..#.....#
..(.....##.........########
##.####†#...++'++.##
#.......@''''+.#
#...##....g++_'+.# #..
#♣.....+'''+.# $..
##......'''++## ##
#P...÷.......#
#P.P♣.......## ####
#...♣........# ##P.+
#.♣..........# #PP.#
#..........>.####


You could see a hobgoblin.

Vanquished Creatures
  2 quokkas (D:1)
  2 bats (D:1)
  A frilled lizard (D:1)
5 creatures vanquished.

Notes
Turn   | Place    | Note
-------+----------+-------------------------------------------
     0 | D:1      | hashsling the Human Wanderer began the quest for the Orb.
     0 | D:1      | hashsling set off with the following items: a +0 mace, a +0
                  | chain mail, a wand of polymorph (4)
     0 | D:1      | Reached XP level 1. HP: 16/16 MP: 1/1
   167 | D:1      | Found a faded altar of an unknown god.
   233 | D:1      | Prayed at the altar of an unknown god.
   233 | D:1      | Became a worshipper of Kikubaaqudgha
   233 | D:1      | Reached * piety under Kikubaaqudgha
   233 | D:1      | Received a gift from Kikubaaqudgha
   240 | D:1      | Quit the game

Illustrated notes

Levels and vault maps discovered:
D:1:      denvon_arrival_planthouse, layout_rooms,
          hellmonk_ecumenical_altar_heavens_door, minmay_pentomino_x2

Action                   || total
-------------------------++-------
Melee: Mace              ||    15
Armor: Chain mail        ||    11
Dodge: Dodged            ||     8

Table legend: (Time is in decaauts)
 A = Elapsed time spent in this place.
 B = Non-inter-level travel time spent in this place.
 C = Inter-level travel time spent in this place.
 D = Time resting spent in this place.
 E = Time spent auto-exploring this place.
 F = Levels seen in this place.
 G = Mean time per level.
                   A        B        C        D        E       F      G
               +--------+--------+--------+--------+--------+-----+--------+
         Total |    243 |    243 |      0 |      0 |    180 |   1 |  243.0 |
       Dungeon |    243 |    243 |      0 |      0 |    180 |   1 |  243.0 |
               +--------+--------+--------+--------+--------+-----+--------+

Top non-repeatable levels by time:
     D:1: 243 daAuts
